 Dungeon Crawl Stone Soup version 0.23-a0-171-g5ae17c6 (webtiles) character file.

1792 HAL9000 the Slicer (level 9, -5/42 HPs)
             Began as a Vine Stalker Assassin on Sept 13, 2018.
             Was an Initiate of Dithmenos.
             Slain by an unseen horror (7 damage)
             ... on level 7 of the Dungeon.
             The game lasted 00:19:45 (6517 turns).

HAL9000 the Slicer (Vine Stalker Assassin)          Turns: 6517, Time: 00:19:45

Health: -5/42      AC:  5    Str: 17    XL:     9   Next: 9%
Magic:  0/10       EV: 11    Int: 16    God:    Dithmenos [......]
Gold:   318        SH:  5    Dex: 16    Spells: 8/8 levels left

rFire    + . .     SeeInvis .   a - +2 dagger
rCold    + . .     Gourm    .   F - +0 buckler
rNeg     + . .     Faith    .   N - +1 robe of Agoraphobia {rF+ rC+ rN+}
rPois    .         Spirit   +   (no helmet)
rElec    .         Reflect  .   d - +0 cloak
rCorr    .         Harm     .   I - +0 pair of gloves
MR       +....                  (no boots)
Stlth    ++++......             (no amulet)
HPRegen  0.54/turn              J - +5 ring of intelligence
MPRegen  0.12/turn              s - ring of stealth

@: lethally poisoned (-5 -> -6)
A: fangs 3, regeneration 1, magic shield, antimagic bite, no potion heal 3, rot
immunity
a: Renounce Religion


You were on level 7 of the Dungeon.
You worshipped Dithmenos.
Dithmenos was noncommittal.
You were not hungry.

You visited 2 branches of the dungeon, and saw 8 of its levels.

You collected 318 gold pieces.

Inventory:

Hand Weapons
 a - a +2 dagger (weapon)
 b - a +0 blowgun
Missiles
 e - 70 poisoned needles
 f - 3 curare-tipped needles
 y - 4 tomahawks (quivered)
Armour
 d - a +0 cloak (worn)
 F - a +0 buckler (worn)
 I - a +0 pair of gloves (worn)
 N - the +1 robe of Agoraphobia (worn) {rF+ rC+ rN+}
   (You found it on level 7 of the Dungeon)

   It protects you from fire.
   It protects you from cold.
   It protects you from negative energy.
Jewellery
 r - an uncursed ring of flight
 s - a ring of stealth (right hand)
 J - a +5 ring of intelligence (left hand)
Wands
 n - a wand of random effects (26)
 E - a wand of polymorph (15)
Scrolls
 j - 2 scrolls of blinking {unknown}
 m - 2 scrolls of teleportation
 p - a scroll of enchant armour {unknown}
 t - 2 scrolls of fear {unknown}
 u - 2 scrolls of remove curse {unknown}
 v - a scroll of fog {unknown}
 A - a scroll of random uselessness {unknown}
 C - 2 scrolls of magic mapping {unknown}
 K - 2 scrolls of identify
 M - a scroll of amnesia {unknown}
Potions
 h - 3 potions of curing
 i - a potion of brilliance
 x - a potion of resistance
Comestibles
 g - 13 rations


   Skills:
 - Level 1.7 Fighting
 + Level 8.4 Short Blades
 - Level 5.0 Throwing
 - Level 0.7 Dodging
 + Level 5.2 Stealth
 - Level 4.0 Shields


You had 8 spell levels left.
You didn't know any spells.
Your spell library contained the following spells:

 Spells                   Type           Power        Failure   Level  Hunger
 Animate Skeleton         Necr           N/A          26%         1    ##.....
 Apportation              Tloc           #.....       26%         1    ##.....
 Confusing Touch          Hex            #.....       26%         1    ##.....
 Pain                     Necr           #...         26%         1    ##.....
 Summon Small Mammal      Summ           #...         26%         1    ##.....
 Regeneration             Chrm/Necr      #.........   58%         3    ####...
 Vampiric Draining        Necr           #.........   58%         3    ####...
 Animate Dead             Necr           N/A          94%         4    #####..


Dungeon Overview and Level Annotations

Branches:
Dungeon (7/15)             Temple (1/1) D:6

Altars:
Ashenzari
Cheibriados
Dithmenos
Fedhas
Gozag
Hepliaklqana
Kikubaaqudgha
Makhleb
Nemelex Xobeh
Okawaru
Qazlal
Ru
Sif Muna
Uskayaw
Vehumet
Wu Jian
Yredelemnul

Shops:
D:4 *


Innate Abilities, Weirdness & Mutations

You have razor-sharp teeth.
Your natural rate of healing is unusually fast.
When hurt, damage is shared between your health and your magic reserves.
Your bite disrupts and absorbs the magic of your enemies.
Potions cannot restore your health.
You are immune to rotting.


Message History

You feel sick. You block the quokka's attack.
You puncture the quokka!
You kill the quokka!
Dithmenos accepts your kill.
You feel sick. Something hits you!
Deactivating autopickup; reactivate with Ctrl-A.
You see here a quokka corpse.
Something hits you!
* * * LOW HITPOINT WARNING * * *
You feel sick. Something hits you.
* * * LOW HITPOINT WARNING * * *
Something hits you!
* * * LOW HITPOINT WARNING * * *
You completely miss something. Your bite misses something.
Something hits you but does no damage.
Unknown command.
Okay, then.
Something hits you!
You die...

. .. ... ###
..#### ..#
...####..#
#.#...#
#...†@#
#...#...#
.......####..#
$.......# r.#
#.......# ###
#.......#
#.......#
####..###


You could see a quokka.

Vanquished Creatures
  Sigmund (D:5)
  2 phantoms
  2 ice beasts (D:6)
  3 ogres (D:6)
  A centaur (D:6)
  A bullfrog (D:5)
  A scorpion (D:6)
  A crimson imp (D:5)
  3 hounds
  3 jellies
  A centaur zombie (D:5)
  5 orc wizards
  4 worker ants
  Terence (D:2)
  2 hound skeletons
  A howler monkey zombie (D:5)
  10 gnolls
  A howler monkey skeleton (D:4)
  6 adders
  2 oozes
  3 worms
  2 dart slugs (D:1)
  5 leopard geckos
  21 orcs
  A ball python (D:2)
  4 giant cockroaches
  14 goblins
  7 hobgoblins
  7 jackals
  5 quokkas
  5 bats
  3 frilled lizards
  11 kobolds
  8 rats
147 creatures vanquished.

Vanquished Creatures (others)
  3 plants (D:6)
3 creatures vanquished.

Grand Total: 150 creatures vanquished

Notes
Turn   | Place    | Note
-------+----------+-------------------------------------------
     0 | D:1      | HAL9000 the Vine Stalker Assassin began the quest for the
                  | Orb.
     0 | D:1      | Reached XP level 1. HP: 11/11 MP: 2/2
    42 | D:1      | Reached skill level 2 in Short Blades
   122 | D:1      | Reached XP level 2. HP: 13/15 MP: 3/3
   623 | D:1      | Reached XP level 3. HP: 14/18 MP: 2/4
   758 | D:2      | Noticed Terence
   762 | D:2      | Killed Terence
   973 | D:2      | Gained mutation: Your natural rate of healing is unusually
                  | fast. [Vine Stalker growth]
   973 | D:2      | Reached XP level 4. HP: 10/23 MP: 5/5
  1153 | D:2      | Reached skill level 3 in Short Blades
  2135 | D:3      | Reached XP level 5. HP: 26/26 MP: 6/6
  2395 | D:3      | Found a burning altar of Makhleb.
  2565 | D:3      | Found a deep blue altar of Sif Muna.
  2955 | D:3      | Reached skill level 4 in Short Blades
  3001 | D:4      | Found Xegech's Assorted Antiques.
  3106 | D:3      | Reached XP level 6. HP: 26/30 MP: 7/7
  3407 | D:4      | Noticed a phantom
  3444 | D:4      | Killed a phantom
  3813 | D:4      | Found an iron altar of Okawaru.
  3821 | D:4      | Reached XP level 7. HP: 34/34 MP: 8/8
  3936 | D:5      | Entered Level 5 of the Dungeon
  3953 | D:5      | Reached skill level 5 in Short Blades
  4030 | D:5      | Reached skill level 5 in Throwing
  4372 | D:5      | Found a shattered altar of Ashenzari.
  4372 | D:5      | Found a faded altar of an unknown god.
  4377 | D:5      | Found a faded altar of an unknown god.
  4379 | D:5      | Found a hide-covered altar of Uskayaw.
  4380 | D:5      | Found an ancient bone altar of Kikubaaqudgha.
  4461 | D:5      | Noticed Sigmund
  4468 | D:5      | Killed Sigmund
  4468 | D:5      | Reached skill level 1 in Shields
  4692 | D:5      | Reached skill level 6 in Short Blades
  4692 | D:5      | Gained mutation: You have razor-sharp teeth. [Vine Stalker
                  | growth]
  4692 | D:5      | Reached XP level 8. HP: 29/38 MP: 9/9
  5458 | D:6      | Found a staircase to the Ecumenical Temple.
  5473 | D:6      | Reached skill level 7 in Short Blades
  5478 | Temple   | Entered the Ecumenical Temple
  5657 | Temple   | Became a worshipper of Dithmenos the Shadowed
  5878 | D:6      | Reached skill level 8 in Short Blades
  5878 | D:6      | Reached XP level 9. HP: 10/42 MP: 2/10
  6259 | D:6      | Reached skill level 5 in Stealth
  6358 | D:7      | Got a twisted robe
  6369 | D:7      | Identified the +1 robe of Agoraphobia {rF+ rC+ rN+} (You
                  | found it on level 7 of the Dungeon)
  6515 | D:7      | HP: 1/42 [something (6)]
  6517 | D:7      | Slain by an unseen horror

Vault maps used:
D:1:      roderic_octagonal_star, fountainhead, st_stairs_12
D:2:      serial_forest, infiniplex_forest_side_room, infiniplex_forest_end_2,
          infiniplex_forest_corner_1, infiniplex_forest_straight_5,
          infiniplex_forest_lined_room_, infiniplex_forest_lined_2,
          infiniplex_forest_lined_room_, uniq_terence
D:3:      nicolae_overflow_hidden_temple, makhleb_blood_cavern_becter
D:4:      serial_shops, shop, okawaru_ov_weapons_minmay
D:5:      chequers_temple_overflow_minitemple, first_ration, uniq_sigmund
D:6:      minmay_temple_entry_overgrown
D:7:      minmay_blocky_corners, good_gods_temple_1
Temple:   nicolae_temple_figure_eight

Skill      XL: |  1  2  3  4  5  6  7  8  9 |
---------------+----------------------------+-----
Short Blades   | 2 3 4 6 8 |  8.4
Throwing       | 2 3 4 5 |  5.0
Shields        | 2 4 |  4.0
Stealth        | 5 |  5.2
Fighting       | |  1.7
Dodging        | |  0.7

Action                   |  1- 3 |  4- 6 |  7- 9 || total
-------------------------+-------+-------+-------++-------
Melee: Dagger            |    70 |   216 |   267 ||   553
       Bite              |    14 |    51 |   101 ||   166
 Fire: Blowgun           |     8 |    10 |    11 ||    29
Throw: Tomahawk          |       |       |     5 ||     5
  Use: Scroll            |       |     3 |     8 ||    11
       Potion            |       |     1 |       ||     1
 Stab: Sleeping          |     6 |    11 |    11 ||    28
       Distracted        |     1 |       |     1 ||     2
  Eat: Chunk             |       |     9 |     9 ||    18
Armor: Robe              |     4 |    42 |    26 ||    72
Dodge: Dodged            |    19 |   108 |    60 ||   187
Block: Buckler           |       |       |    40 ||    40

Table legend:
 A = Non-vault XP
 B = Vault XP
 C = Vault XP percentage of total XP
 D = Non-vault monster count
 E = Vault monster count
 F = Vault count percentage of total count
                 A         B        C        D         E       F
            +---------+---------+-------+---------+---------+-------
      Total |    2260 |     301 |  11.8 |     142 |       5 |   3.4
            +---------+---------+-------+---------+---------+-------
        D:1 |      30 |       4 |  11.8 |      16 |       2 |  11.1
        D:2 |      86 |      32 |  27.1 |      34 |       1 |   2.9
        D:3 |     161 |      45 |  21.8 |      24 |       1 |   4.0
        D:4 |     282 |       0 |   0.0 |      17 |       0 |   0.0
        D:5 |     531 |     220 |  29.3 |      20 |       1 |   4.8
        D:6 |    1162 |       0 |   0.0 |      28 |       0 |   0.0
        D:7 |       8 |       0 |   0.0 |       3 |       0 |   0.0
            +---------+---------+-------+---------+---------+-------
